Description

This build order in really easy to execute. He is designed safe and macro oriented. There is many scout timing and you can adapt to your opponent all game long.

The goal is to do a standard Gate Expand opening and then go to a fast disruptor drop. After that, you go to a standard colossus playstyle.

This build can be done in all league. It's design to be really strong in defense and works against every kind of terran build order (cheese, all-in macro).

Few tips :

  • With your scouting probe : Check the number of gas and if the Terran do an expand at 1,45.
  • Hide your scouting probe and scout against at 2,15.
  • Always do a wall on the path of the reaper if you can
  • In case of agressive playstyle (like fast marauder for example), do a fast shield battery at your natural
  • Add your double forge after the first push (most of the time, around 6min)
  • Try to take your third base before 5min
  • On your robotic, you can do an observer first and put it in front of your opponent natural expand
  • With the disruptor, you have to focus the army first. Then you can go to the economy. As soon as your opponent holds your drop, go back in defense
  • Go to colossus fast after the disruptor (robotic bay as soon as the robotic is finished)) Add pylons on edge of your main base: It's really important in case of drops If you are behind, don't attack your opponent. He will have the defensive advantage

VOD

https://youtu.be/A-jfQRoyAM0

Replay - PizzaBrusH v zuka - Acropolis LE

Build Order

Get SALT Encoding   

  12  0:00  Probe  
  13  0:13  Probe  
  14  0:18  Pylon  
  14  0:21  Probe  
  15  0:32  Probe  
  15  0:40  Gateway  
  16  0:42  Probe  
  16  0:48  Assimilator  
  17  0:54  Probe  
  18  1:02  Probe  
  18  1:10  Probe  
  21  1:29  Nexus  
  20  1:36  Cybernetics Core  
  20  1:38  Probe  
  21  1:45  Assimilator  
  21  1:50  Probe  
  22  1:58  Pylon  
  22  2:07  Stalker  
  23  2:13  Warp Gate  
  27  2:34  Stalker  
  27  2:37  Shield Battery  
  31  2:48  Robotics Facility  
  30  2:57  Stalker  
  37  3:36  Observer  
  39  3:42  Robotics Bay  
  40  3:52  Pylon  
  41  3:56  Warp Prism  
  41  3:57  Gateway x2  
  44  4:15  Pylon  
  46  4:20  Observer  
  46  4:22  Disruptor  
  48  4:35  Gravitic Drive  
  51  4:49  Twilight Council  
  53  4:55  Observer  
  53  4:56  Nexus  
  53  4:58  Pylon  
  53  4:59  Colossus  
  53  5:06  Assimilator x2  
  63  5:29  Extended Thermal Lance  
  65  5:44  Gateway  
  65  5:46  Forge  
  65  5:50  Charge  
  65  5:52  Shield Battery  
  65  6:03  Shield Battery  
  67  6:09  Colossus  
  67  6:10  Observer  
  69  6:23  Zealot x2  
  81  6:28  Zealot  
  86  6:44  Protoss Ground Weapons Level 1  
  86  6:45  Gateway x2  
  86  6:47  Colossus  
  97  7:17  Blink  
  97  7:19  Zealot x3  
  105  7:25  Templar Archives  
  106  7:33  Assimilator x2  
  106  7:41  Zealot x2  
  112  7:46  Immortal  
  114  7:52  Zealot x2  
  120  8:24  Gateway  
  120  8:26  Observer  
  121  8:32  Stalker  
  123  8:38  Templar Archives  
  133  8:41  Forge  
  133  8:53  Observer  
  134  9:04  Stalker x6  
  146  9:14  Psionic Storm  
  146  9:18  Protoss Ground Armor Level 1  
  146  9:32  Nexus  
  146  9:39  Gateway x2  
  146  9:45  Gateway  
  146  9:50  High Templar x4  
  158  9:53  Observer  
Spawning Tool Build Advisor. Get it on Overwolf

Go to:

Details

  • Created by: zuka      
  • Published on: Jun 07, 2019
  • Patch: 4.7.1
Show
View Real Time Build Order
Export as new Build Order

Comments (2)

On June 22, 2019, 10:43 p.m., Chronarch  said:

Looks good, but reaper kills me every game with gateway this late...

On June 19, 2019, 6:03 a.m., Nik  said:

105 7:25 Templar Archives and
123 8:38 Templar Archives
this is mistake ????

Create an account to comment!